 Dungeon Crawl Stone Soup version 0.26-b1-52-g61e05abef2 (webtiles) character file.

Game seed: 17424713549536116649

7672 raceaflais the Cleaver (level 10, -3/93 HPs)
             Began as a Minotaur Berserker on Jan 7, 2021.
             Was a High Priest of Trog.
             Slain by a basilisk (8 damage)
             ... while petrified by a basilisk
             ... on level 10 of the Dungeon.
             The game lasted 00:26:52 (10092 turns).

raceaflais the Cleaver (Minotaur Berserker)        Turns: 10092, Time: 00:26:53

Health: -3/93      AC:  8    Str: 24    XL:     10   Next: 99%
Magic:  0/3        EV:  2    Int:  4    God:    Trog [*****.]
Gold:   196        SH:  0    Dex: 17    Spells: 9/9 levels left

rFire    + . .     SeeInvis .   J - +3 battleaxe (antimagic)
rCold    . . .     Faith    .   (shield currently unavailable)
rNeg     + + +     Spirit   +   F - +0 ring mail {rF+}
rPois    ∞         Reflect  .   (helmet restricted)
rElec    .         Harm     .   (no cloak)
rCorr    .         Rampage  .   (no gloves)
Will     .....                  m - +0 pair of boots
Stlth    +++.......             z - amulet of guardian spirit
HPRegen  0.25/turn              r - ring of stealth
MPRegen  0.08/turn              C - +6 ring of dexterity

@: mighty, petrified, berserk cooldown, flying, slowed
A: retaliatory headbutt, horns 2
a: Renounce Religion, Berserk, Trog's Hand, Brothers in Arms


You were on level 10 of the Dungeon.
You worshipped Trog.
Trog was extremely pleased with you.
You visited 1 branch of the dungeon, and saw 10 of its levels.

You collected 521 gold pieces.
You spent 325 gold pieces at shops.

Inventory:

Hand Weapons
 f - a +2 flail of protection
 s - a +2 hunting sling of flaming
 t - a +0 war axe
 x - a +4 vorpal hand axe
 D - a +2 hand axe of electrocution
 H - a +0 dagger of holy wrath
 I - a +2 flail of protection
 J - a +3 antimagic battleaxe (weapon)
Missiles
 c - 7 datura-tipped darts
 e - 91 bolts
 i - 168 arrows
 p - 56 poisoned darts
 w - 63 sling bullets
 A - 4 silver javelins
Armour
 m - a +0 pair of boots (worn)
 F - a +0 ring mail of fire resistance (worn)
Magical Staves
 j - an uncursed staff of cold {unknown}
 B - an uncursed staff of conjuration
Jewellery
 r - a ring of stealth (left hand)
 y - an uncursed ring of fire
 z - an amulet of guardian spirit (around neck)
 C - a +6 ring of dexterity (right hand)
Wands
 a - a wand of acid (7)
 b - a wand of enslavement (16)
 g - a wand of flame (33)
 E - a wand of polymorph (13)
Scrolls
 h - 3 scrolls of remove curse
 l - 5 scrolls of teleportation
 o - 3 scrolls of magic mapping
 u - 2 scrolls of fog
 v - a scroll of amnesia {unknown}
 L - a scroll of brand weapon {unknown}
 M - a scroll of enchant armour {unknown}
 O - 2 scrolls of blinking
 P - a scroll of random uselessness {unknown}
 Q - a scroll of identify
Potions
 d - 2 potions of berserk rage
 k - a potion of brilliance
 n - 2 potions of attraction
 q - 5 potions of heal wounds
 G - 3 potions of curing
 K - 2 potions of flight


   Skills:
 + Level 9.8 Fighting
 + Level 14.0 Axes
 + Level 8.7 Armour
 + Level 5.2 Dodging
 + Level 3.8 Stealth


You had 9 spell levels left.
You didn't know any spells.
Your spell library contained the following spells:

 Spells                   Type           Power        Failure   Level
 Animate Skeleton         Necr           0%           63%         1
 Apportation              Tloc           0%           63%         1
 Corona                   Hex            0%           63%         1
 Summon Small Mammal      Summ           0%           63%         1
 Ensorcelled Hibernation  Hex/Ice        0%           77%         2
 Confusing Touch          Hex            0%           94%         3
 Dazzling Flash           Conj/Hex       0%           94%         3
 Tukima's Dance           Hex            0%           94%         3


Dungeon Overview and Level Annotations

Branches:
Dungeon (10/15)            Temple (0/1) D:7            Lair (0/6) D:10
    Orc (0/2) D:9

Altars:
Dithmenos
Elyvilon
Hepliaklqana
Makhleb
Trog
Vehumet
Xom
Zin
Jiyva

Shops:
D:4 (   D:7 [:   D:8 ![=


Innate Abilities, Weirdness & Mutations

You reflexively headbutt those who attack you in melee.
You have a pair of horns on your head.


Message History

* * * LOW HITPOINT WARNING * * *
The iguana bites you.
* * * LOW HITPOINT WARNING * * *
You have turned to stone.
The wyvern bites you.
* * * LOW HITPOINT WARNING * * *
The basilisk gazes at you. You resist with some effort.
The iguana bites you but does no damage. x2
The wyvern bites you.
* * * LOW HITPOINT WARNING * * *
The basilisk bites you!
* * * LOW HITPOINT WARNING * * *
The iguana bites you but does no damage.
The wyvern bites you.
* * * LOW HITPOINT WARNING * * *
The iguana bites you!
* * * LOW HITPOINT WARNING * * *
The basilisk bites you!
You die...

# #<# #.# #.##.
#.# #.#
.....######.# #.#
.........##.# #.#
....$....##.# #.#
.........##.# #<#
..♣......†..#####
#.#
......l...........
..#
......l@##########
#.## >P....ll# #.
........# #.
........# #.
...P....# #.
........#
........#
.....#..#


You could see a basilisk, a wyvern and 2 iguanas.

Vanquished Creatures
  Maurice (D:8)
  Psyche (D:8)
  Grinder (D:3)
  A wyvern (D:10)
  5 yaks (D:9)
  2 basilisks (D:10)
  3 wargs (D:9)
  Edmund (D:5)
  3 water moccasins (D:10)
  A sky beast (D:10)
  6 orc warriors
  A phantom (D:10)
  An ice beast (D:8)
  3 black bears
  An ogre (D:8)
  2 wolves (D:10)
  3 centaurs (D:7)
  A big kobold (D:7)
  4 bullfrogs
  A gnoll sergeant (D:8)
  A water moccasin zombie (D:10)
  2 scorpions
  6 killer bees (D:7)
  12 wights
  6 howler monkeys
  4 jellies (D:10)
  6 orc priests
  6 hounds
  20 orc wizards
  2 bullfrog skeletons
  Ijyb (D:5)
  3 iguanas
  8 worker ants
  Robin (D:3)
  2 worker ant zombies
  7 gnolls
  8 adders
  A shadow imp (D:7)
  A white imp (D:5)
  2 ufetubi
  8 oozes
  An adder zombie (D:5)
  2 adder skeletons
  3 worms
  2 dart slugs
  6 leopard geckos
  45 orcs
  4 ball pythons
  7 bats
  3 giant cockroaches
  12 hobgoblins
  11 jackals
  12 kobolds
  3 quokkas
  7 frilled lizards
  A giant cockroach zombie (D:6)
  19 goblins
  6 rats
293 creatures vanquished.

Vanquished Creatures (others)
  2 bushes (D:10)
  4 fungi (D:10)
  23 plants (D:10)
29 creatures vanquished.

Grand Total: 322 creatures vanquished

Notes
Turn   | Place    | Note
-------+----------+-------------------------------------------
     0 | D:1      | raceaflais the Minotaur Berserker began the quest for the
                  | Orb.
     0 | D:1      | Reached XP level 1. HP: 19/19 MP: 0/0
   322 | D:1      | Reached XP level 2. HP: 27/27 MP: 1/1
   335 | D:1      | Reached skill level 4 in Axes
  1136 | D:2      | Reached XP level 3. HP: 33/33 MP: 2/2
  1244 | D:2      | Found a white marble altar of Elyvilon.
  1262 | D:2      | Found a hazy altar of Hepliaklqana.
  1263 | D:2      | Found a shimmering altar of Xom.
  1264 | D:2      | Found a radiant altar of Vehumet.
  1577 | D:2      | Reached ** piety under Trog
  1603 | D:2      | Reached XP level 4. HP: 41/41 MP: 3/3
  1885 | D:3      | Noticed Robin
  1894 | D:3      | Killed Robin
  1906 | D:3      | Reached skill level 5 in Axes
  1908 | D:3      | Reached XP level 5. HP: 44/47 MP: 4/4
  1980 | D:3      | Reached *** piety under Trog
  2182 | D:3      | Found a glowing silver altar of Zin.
  2353 | D:3      | Noticed Grinder
  2358 | D:3      | Paralysed by Grinder for 2 turns
  2365 | D:3      | Paralysed by Grinder for 2 turns
  2377 | D:3      | Killed Grinder
  2378 | D:3      | Reached skill level 5 in Fighting
  2378 | D:3      | Reached skill level 6 in Axes
  2378 | D:3      | Reached XP level 6. HP: 24/56 MP: 5/5
  2696 | D:4      | Found Quith's Weapon Boutique.
  3123 | D:4      | Reached XP level 7. HP: 55/61 MP: 6/6
  3126 | D:4      | Reached skill level 7 in Axes
  3165 | D:4      | Reached skill level 5 in Armour
  3769 | D:5      | Entered Level 5 of the Dungeon
  3804 | D:5      | Reached **** piety under Trog
  3885 | D:5      | Noticed Ijyb
  3895 | D:5      | Killed Ijyb
  4261 | D:5      | Reached skill level 8 in Axes
  4574 | D:5      | Noticed Edmund
  4582 | D:5      | Killed Edmund
  4583 | D:5      | Reached XP level 8. HP: 70/70 MP: 7/7
  4857 | D:6      | Reached skill level 9 in Axes
  5153 | D:6      | Reached ***** piety under Trog
  5335 | D:6      | Noticed a moth of wrath
  5341 | D:6      | Found a bloodstained altar of Trog.
  5456 | D:7      | Found Veiteur's Book Shoppe.
  5462 | D:7      | Reached skill level 10 in Axes
  6085 | D:7      | Reached XP level 9. HP: 75/79 MP: 8/8
  6199 | D:7      | Reached skill level 1 in Stealth
  6324 | D:7      | Found a staircase to the Ecumenical Temple.
  6487 | D:7      | Found Uvuxuim's Antique Armour Boutique.
  6618 | D:7      | Reached skill level 11 in Axes
  6800 | D:8      | Found a shadowy altar of Dithmenos.
  6876 | D:8      | Received a gift from Trog
  6891 | D:8      | Found Gimoblof's Antique Armour Shop.
  7168 | D:8      | Noticed Maurice
  7178 | D:8      | Killed Maurice
  7179 | D:8      | Reached skill level 12 in Axes
  7239 | D:8      | Found Vazuph's Jewellery Shop.
  7669 | D:8      | Noticed Psyche
  7674 | D:8      | Killed Psyche
  7675 | D:8      | Reached XP level 10. HP: 90/90 MP: 3/9
  7676 | D:8      | Found Fykkee's Distillery.
  7701 | D:8      | Bought a potion of heal wounds for 65 gold pieces
  7701 | D:8      | Bought a potion of curing for 39 gold pieces
  7701 | D:8      | Bought a potion of curing for 39 gold pieces
  7701 | D:8      | Bought a potion of heal wounds for 65 gold pieces
  7701 | D:8      | Bought a potion of might for 52 gold pieces
  7701 | D:8      | Bought a potion of heal wounds for 65 gold pieces
  8870 | D:9      | Reached skill level 13 in Axes
  9001 | D:9      | Found a burning altar of Makhleb.
  9043 | D:9      | Found a staircase to the Orcish Mines.
  9361 | D:9      | Reached skill level 5 in Dodging
  9414 | D:10     | Entered Level 10 of the Dungeon
  9967 | D:10     | Found a viscous altar of Jiyva.
 10083 | D:10     | Reached skill level 14 in Axes
 10084 | D:10     | Found a staircase to the Lair.
 10092 | D:10     | Slain by a basilisk

Illustrated notes

Levels and vault maps discovered:
D:1:      sevenhm_arrival_forest_fort_small_5, layout_basic, dk_noncrumbling_3,
          kennysheep_boxes
D:2:      layout_basic, chequers_temple_overflow_statue_of_worship,
          general_overflow_altar, minmay_misc_feat_rows,
          minmay_misc_feat_square, minmay_tall_x
D:3:      layout_rooms, lemuel_crystal_altar, kennysheep_generic_room_11,
          uniq_robin, uniq_grinder
D:4:      cheibrodos_barr_body, layout_gridville, serial_shops, shop_fountains
D:5:      layout_cave_pools, uniq_ijyb, uniq_edmund
D:6:      layout_rooms, tgw_trog
D:7:      layout_loops_ring, minmay_temple_entry_mist, serial_shops,
          nicolae_shop_crystal, shop
D:8:      layout_loops_ring, serial_shops, kennysheep_little_box,
          nicolae_shop_trees, nicolae_shop_stone,
          nicolae_dithmenos_the_darkroom, uniq_maurice, uniq_psyche
D:9:      layout_irregular_city, bloody_makhleb, minmay_orc_entry_guard_dogs
D:10:     layout_loops_ring, minmay_lair_entry_grove,
          hangedman_little_slice_of_home

Skill      XL: |  1  2  3  4  5  6  7  8  9 10 |
---------------+-------------------------------+-----
Axes           | 4 5 6 8 10 12 14 | 14.0
Fighting       | 4 5 6 7 8 9 |  9.8
Armour         | 3 4 6 7 8 |  8.7
Dodging        | 3 4 5 |  5.2
Stealth        | 1 3 |  3.8

Action                   |  1- 3 |  4- 6 |  7- 9 | 10-12 || total
-------------------------+-------+-------+-------+-------++-------
Melee: Hand axe          |    75 |    64 |   250 |       ||   389
       Headbutt          |    14 |    30 |    80 |    24 ||   148
       War axe           |       |    49 |       |       ||    49
       Battleaxe         |       |       |    40 |   111 ||   151
Invok: Berserk           |       |     2 |    11 |     3 ||    16
Evoke: Wand              |       |       |     1 |       ||     1
  Use: Potion            |       |     2 |    13 |     2 ||    17
       Scroll            |       |       |    21 |     2 ||    23
 Stab: Sleeping          |       |       |     1 |    14 ||    15
Armor: Animal skin       |     2 |       |       |       ||     2
       Chain mail        |    37 |    69 |    43 |       ||   149
       Ring mail         |       |       |    63 |    28 ||    91
Dodge: Dodged            |    42 |    57 |   154 |    69 ||   322
